 Dungeon Crawl Stone Soup version 0.19.0-19-g8c6edcc (webtiles) character file.

65 dobroeutro the Chopper (level 3, 0/31 HPs)
             Began as a Minotaur Berserker on Nov 12, 2016.
             Was a Follower of Trog.
             Slain by an orc wizard
             ... wielding a +0 dagger
              (2 damage)
             ... on level 2 of the Dungeon.
             The game lasted 00:02:11 (772 turns).

dobroeutro the Chopper (Minotaur Berserker)          Turns: 772, Time: 00:02:12

Health: 0/31       AC:  4    Str: 21    XL:     3   Next: 92%
Magic:  2/2        EV: 12    Int:  4    God:    Trog [*.....]
Gold:   25         SH:  0    Dex: 10    Spells: 0 memorised, 2 levels left

rFire  . . .     SeeInvis .     n - +5 club
rCold  . . .     Gourm    .     o - +2 robe {MR+}
rNeg   . . .     Faith    .     (no shield)
rPois  .         Spirit   .     (helmet restricted)
rElec  .         Reflect  .     (no cloak)
rCorr  .         Harm     .     (no gloves)
MR     +....     Rnd*Tele +     (no boots)
Stlth  +.........               (no amulet)
                                (no ring)
                                j - ring of teleportation (curse)

@: exhausted, slowed, very slow
A: retaliatory headbutt, horns 2
a: Berserk, Burn Spellbooks, Renounce Religion


You were on level 2 of the Dungeon.
You worshipped Trog.
Trog was aware of your devotion.
You were very hungry.

You visited 1 branch of the dungeon, and saw 2 of its levels.

You collected 25 gold pieces.

Inventory:

Hand Weapons
 a - a +0 hand axe
 n - a +5 club (weapon)
Armour
 f - a +0 scale mail
 o - a +2 robe of magic resistance (worn)
Jewellery
 j - a cursed ring of teleportation (left hand)
Scrolls
 d - a scroll of fog {unknown}
 g - a scroll of magic mapping {unknown}
 h - a scroll of noise {unknown}
 k - a scroll of amnesia {unknown}
 m - 2 scrolls of identify {unknown}
Potions
 e - a potion of brilliance {unknown}
 i - a potion of haste {unknown}
 l - a potion of curing {unknown}
Comestibles
 b - a meat ration
 c - 2 bread rations


   Skills:
 - Level 3.6 Fighting
 + Level 5.9 Axes
 - Level 2.4 Armour
 - Level 2.1 Dodging


You had 2 spell levels left.
You didn't know any spells.

Dungeon Overview and Level Annotations

Branches:
Dungeon (2/15)

Altars:
Uskayaw
Vehumet


Innate Abilities, Weirdness & Mutations

You reflexively headbutt those who attack you in melee.
You have a pair of horns on your head.


Message History

Trog accepts your kill.
A goblin comes into view. It is wielding a dagger.
The goblin shouts!
Things that are here:
a meat ration; a kobold corpse You feel a strong urge to attack something.
The orc wizard casts a spell at you. The magic dart hits you!
* * * LOW HITPOINT WARNING * * *
The goblin unwields an uncursed dagger.
The goblin wields a hunting sling.
The goblin shoots a stone.
The stone hits you but does no damage.
You see here a stone.
The orc wizard points at you and mumbles some strange words.
The puff of frost misses you.
You feel your anger subside.
Found a glowing red potion.
You are no longer berserk.
You are exhausted.
You feel yourself slow down. The orc wizard hits you with a dagger.
You die...

##### ###...###
#..._...########.
##...............#
##..........o......
#.)...8....@#
#...........#
#.......#.#.#
#..._.(...g.#
#.##...%##..>....
#.?..$.###..=....!
#####†## ##...(...
#. #....... #.
.......


You could see an orc wizard and a goblin.

Vanquished Creatures
  Jessica (D:2)
  An adder (D:2)
  A worm (D:2)
  2 dart slugs
  A leopard gecko (D:1)
  A giant cockroach (D:2)
  3 goblins
  4 jackals (D:2)
  2 kobolds
  4 bats
  A frilled lizard (D:2)
  2 rats (D:1)
23 creatures vanquished.

Notes
Turn   | Place    | Note
-------+----------+-------------------------------------------
     0 | D:1      | dobroeutro the Minotaur Berserker began the quest for the Orb.
     0 | D:1      | Reached XP level 1. HP: 19/19 MP: 0/0
   155 | D:1      | Reached skill level 4 in Axes
   373 | D:1      | Reached XP level 2. HP: 19/26 MP: 1/1
   619 | D:2      | Noticed Jessica
   629 | D:2      | Reached skill level 5 in Axes
   629 | D:2      | Reached XP level 3. HP: 27/31 MP: 2/2
   638 | D:2      | Killed Jessica
   756 | D:2      | Found a hide-covered altar of Uskayaw.
   756 | D:2      | Found a radiant altar of Vehumet.
   772 | D:2      | Slain by an orc wizard

Skill      XL: |  1  2 |
---------------+-------+-----
Axes           | 4 5 |  5.9
Fighting       | |  3.6
Armour         | |  2.4
Dodging        | |  2.1

Action                   || total
-------------------------++-------
Melee: Hand axe          ||    56
       Headbutt          ||     7
       Club              ||     6
Invok: Berserk           ||     2
Armor: Scale mail        ||    22
       Robe              ||     1
Dodge: Dodged            ||    40
